Unix NetHack Version 3.7.0-80 Work-in-progress - last build Mar 20 2023 14:09:10 (4d3a4a9e917c0f86d3594936c235e576342b1c4a,branch:master). Game began 2023-03-27 20:50:43, ended 2023-03-27 21:04:44. 9629, lawful female dwarven Valkyrie ---- ------ ---- --..| ----.--.---- |..| |...--- |..........-- --..--- |-....| |.....n.....---.....| --- ---- --- |.....--- |...----............| |..--- |..| ...-- --- |.......-- --..| |..........--- -...--- |<.---.....| |.-----.......| ---- |.........d-----------....---..........| |......--.....-- ----- -.........Z@...........................-- --...-..--.....-----...| |..--.......----..-----.......).)........| |.|...................| |..|--...f.-- --..----....0.>..........-- |.|---.-.......*......-- |..|--.....| --..--..............-...-- ---.| |.....|.|.---.--..| -----...---- |.......................| --...| |...------- ---|..| |......| --.......(.--..........-- ----..--- -.....| ---- |.---[-- ----.--...--..........| |...*-- -...---.--- |.||..-- -----..............| --*...| ...--- |...|--- --.||...-- |..............| |.)...| |..- ---.|..----- --------..|--...| --.............- ------- --- |.....|..---.....*..----...| |..............| ---..........--------|....-- ---...........-- ---.--.----- |..--- |..--.|.|.--- ------ --- ---- ------ 9629 the Skirmisher St:15 Dx:10 Co:17 In:7 Wi:9 Ch:12 Lawful Dlvl:6 $:47 HP:0(43) Pw:6(6) AC:5 Xp:4/118 T:2477 Hungry Latest messages: You feel here a gem. You feel weak! You haven't been exercising properly. Wait! There's something there you can't see! It gets angry! It hits! You kill it! You try to feel what is lying here on the floor. t - a dwarvish cloak. There is a hobbit corpse here; eat it? [ynq] (n) This hobbit corpse is fatty. You can see again. You stop eating the hobbit corpse. You feel hungry. There is a partly eaten hobbit corpse here; eat it? [ynq] (n) You resume your meal. You finish eating the hobbit corpse. You see here a burnt elven dagger. You see here 2 violet gems. You swap places with the peaceful gnome. You swap places with the peaceful gnome. You are beginning to feel hungry. There is a falling rock trap here. A trap door in the ceiling opens and a rock falls on your head! Fortunately, you are wearing a hard helmet. You hear some noises in the distance. You hit the human zombie. Pick an object. You miss the human zombie. The human zombie hits! The dingo bites! You miss the dingo. The dingo bites! The kitten bites the human zombie. The human zombie hits the kitten. The dingo bites! You miss the dingo. The human zombie misses! The dingo bites! You hit the human zombie. The dingo bites! You hit the human zombie! The human zombie hits! The dingo bites! The dingo bites! The dingo bites! The dingo bites! You die... Do you want your possessions identified? [ynq] (y) Do you want to see your attributes? [ynq] (y) Inventory: Coins $ - 47 gold pieces Weapons q - 6 +0 shuriken b - a +0 dagger (alternate weapon; not wielded) a - a +1 dwarvish spear (weapon in hand) e - 3 +0 orcish daggers Armor n - an uncursed +0 orcish helm (being worn) o - an uncursed +0 pair of low boots c - an uncursed +3 small shield (being worn) t - an uncursed +0 dwarvish cloak Scrolls j - an uncursed scroll of gold detection k - a cursed scroll of identify Potions g - an uncursed potion of monster detection h - an uncursed potion of sleeping p - an uncursed potion of water Tools f - a cursed mirror 9629 the Valkyrie's attributes: Background: You were a Skirmisher, a level 4 dwarven Valkyrie. You were lawful, nominally on a mission for Tyr who was opposed by Odin (neutral) and Loki (chaotic). You were in the Gnomish Mines, on level 6. You entered the dungeon 2477 turns ago. You had 118 experience points, 42 more were needed to attain level 5. Basics: You had 0 out of 43 hit points. You had all 6 energy points (spell power). Your armor class was 5. Your wallet contained 47 zorkmids. Autopickup was off. Final Characteristics: Your strength was 15 (peak:18/02, limit:18/100). Your dexterity was 10 (limit:20). Your constitution was 17 (limit:20). Your intelligence was 7 (limit:16). Your wisdom was 9 (limit:16). Your charisma was 12 (limit:16). Final Status: You were hungry. You were unencumbered. You were wielding a spear. You had basic skill with spear. Final Attributes: You were haltingly aligned. You were cold resistant. You had infravision. You were stealthy. You are dead. Miscellaneous: You never encountered a bones level. Total elapsed playing time was 14 minutes. Major events: Turn 1: 9629 the lawful dwarven Valkyrie entered the dungeon 1083: entered the Gnomish Mines 1565: attained the rank of Skirmisher (level 3) 2477: killed by a dingo Vanquished creatures: a yellow light a kobold leader 3 hill orcs a rothe an iguana a gas spore a hobbit a brown mold a yellow mold 11 gnomes 2 foxes 2 goblins 4 sewer rats 4 grid bugs 2 bats 4 lichens 2 kobold zombies 4 newts 46 creatures vanquished. No species were genocided or became extinct. Voluntary challenges: You were an atheist. You were illiterate. You never engraved Elbereth. You never genocided any monsters. You never polymorphed an object. You never changed form. You used no wishes. Achievements: You entered the Gnomish Mines. You attained the rank of Skirmisher. The Dungeons of Doom: levels 1 to 4 Level 1: Some fountains, a grave. Level 2: Level 3: A fountain, a grave. Stairs down to The Gnomish Mines. Level 4: The Gnomish Mines: levels 4 to 7 Level 4: Level 5: Level 6: <- You were here. Final resting place for you, killed by a dingo. Level 7: Game over: ---------- / \ / REST \ / IN \ / PEACE \ / \ | 9629 | | 47 Au | | killed by a | | dingo | | | | | | 2023 | *| * * * | * _________)/\\_//(\/(/\)/\//\/|_)_______ Farvel 9629 the Valkyrie... You died in The Gnomish Mines on dungeon level 6 with 815 points, and 47 pieces of gold, after 2477 moves. You were level 4 with a maximum of 43 hit points when you died.